 Dungeon Crawl Stone Soup version 0.31-a0-358-gac0dbeb3ab (webtiles) character file.

Game seed: 3709082064913947278

14664 bobarctor the Thaumaturge (level 11, -12/68 HPs)
             Began as a Demonspawn Necromancer on July 26, 2023.
             Was a Priest of Kikubaaqudgha.
             Mangled by a minotaur
             ... wielding the +12 rapier "Lunnur" {flame, *Rage +Blink rF+ Str+5}
              (51 damage)
             ... in a Gauntlet.
             The game lasted 01:39:31 (15023 turns).

bobarctor the Thaumaturge (Demonspawn Necromancer) Turns: 15023, Time: 01:39:32

Health: -12/68     AC: 17    Str:  4    XL:     11   Next: 91%
Magic:  11/27      EV: 16    Int: 31    God:    Kikubaaqudgha [***...]
Gold:   141        SH:  0    Dex: 25    Spells: 1/34 levels left

rFire   . . .        a - +10 dire flail of Ovir {freeze, Dex+4}
rCold   . . .        (shield currently unavailable)
rNeg    + . .        z - +2 robe {rN+}
rPois   +            B - +2 helmet
rElec   +            I - +0 cloak of Vehumet's Hatred {Regen+ rCorr Int+3}
rCorr   +            (no gloves)
SInv    +            (no boots)
Will    .....        k - amulet of regeneration
Stlth   +++          J - ring of Kuosk {rPois Str-5 Int+7 Dex+2}
HPRegen 1.91/turn    d - ring "Qiequiw" {rElec Dex+6 SInv}
MPRegen 0.20/turn

%: no teleportation
@: death channelling, sanguine armoured
A: powered by pain 2, sanguine armour 2, condensation shield
a: Renounce Religion, Unearth Wretches


You were in a Gauntlet.
You worshipped Kikubaaqudgha.
Kikubaaqudgha was most pleased with you.
You visited 3 branches of the dungeon, and saw 16 of its levels.
You also visited: Sewer and Gauntlet.

You collected 1763 gold pieces.
You spent 1622 gold pieces at shops.

Inventory:

Hand Weapons
 a - the +10 dire flail of Ovir (weapon) {freeze, Dex+4}
   (You took it off an ogre on level 4 of the Dungeon)

   Dex:       It affects your dexterity (+4).
 m - a +4 quarterstaff of flaming
 F - a +2 mace of venom
 L - a +5 spear
 M - a +4 hand axe of freezing
 Q - a +1 antimagic dagger
Missiles
 e - 37 poisoned darts
 l - 6 boomerangs
 p - a throwing net
 t - 5 curare-tipped darts
 T - 4 atropa-tipped darts
Armour
 z - a +2 robe of positive energy (worn)
 B - a +2 helmet (worn)
 E - the +3 ring mail of the Mango {Fly rElec MP-9 Str-4}
   (You found it in a Gauntlet)

   Str:       It affects your strength (-4).
   rElec:     It insulates you from electricity.
   MP:        It affects your magic capacity (-9).
   Fly:       It grants you flight.
 H - a +1 leather armour of fire resistance
 I - the +0 cloak of Vehumet's Hatred (worn) {Regen+ rCorr Int+3}
   (You acquired it on level 9 of the Dungeon)

   Int:       It affects your intelligence (+3).
   Regen:     It increases your rate of health regeneration.
   rCorr:     It protects you from acid and corrosion.
Jewellery
 d - the ring "Qiequiw" (right hand) {rElec Dex+6 SInv}
   (You bought it in a shop on level 1 of the Dungeon)

   [ring of dexterity]

   Dex:       It affects your dexterity (+6).
   rElec:     It insulates you from electricity.
   SInv:      It lets you see invisible.
 h - the ring of Gisaovap {rN+ MP+9 Str-5 Int+2 Dex+3}
   (You bought it in a shop on level 1 of the Dungeon)

   [ring of positive energy]

   Str:       It affects your strength (-5).
   Int:       It affects your intelligence (+2).
   Dex:       It affects your dexterity (+3).
   rN:        It protects you from negative energy.
   MP:        It affects your magic capacity (+9).
 k - an amulet of regeneration (around neck)
 D - a +5 ring of evasion
 J - the ring of Kuosk (left hand) {rPois Str-5 Int+7 Dex+2}
   (You found it in a Gauntlet)

   [ring of poison resistance]

   Str:       It affects your strength (-5).
   Int:       It affects your intelligence (+7).
   Dex:       It affects your dexterity (+2).
   rPois:     It protects you from poison.
 K - a ring of flight
Talismans
 c - a dragon-blood talisman
Wands
 u - a wand of paralysis (16)
 w - a wand of flame (4)
 y - a wand of digging (2)
 P - a wand of iceblast (11)
Scrolls
 g - 2 scrolls of fear
 i - 5 scrolls of fog
 j - 4 scrolls of poison
 r - a scroll of blinking
 s - 4 scrolls of enchant weapon
 O - 2 scrolls of teleportation
 R - a scroll of brand weapon
 S - a scroll of enchant armour
Potions
 b - 2 potions of magic
 f - 2 potions of enlightenment
 n - 6 potions of heal wounds
 o - 2 potions of haste
 q - 3 potions of ambrosia
 v - 7 potions of curing
 x - a potion of berserk rage
 C - 2 potions of cancellation
 G - a potion of resistance {unknown}
 N - 2 potions of attraction


   Skills:
 + Level 5.1 Dodging
 + Level 3.4 Stealth
 + Level 2.1 Shields
 * Level 12.2 Spellcasting
 + Level 5.4 Hexes
 + Level 11.3 Necromancy
 + Level 2.4 Translocations
 + Level 5.2 Fire Magic


You had one spell level left.
You knew the following spells:

 Your Spells              Type           Power      Damage    Failure   Level
a - Necrotise             Necr           100%       1d9       1%          1
b - Vampiric Draining     Necr           73%        2d11      1%          3
c - Agony                 Necr           73%        N/A       1%          5
d - Inner Flame           Hex/Fire       51%        N/A       1%          3
e - Dispel Undead         Necr           73%        3d24      1%          4
f - Cause Fear            Hex            25%        N/A       2%          4
g - Blink                 Tloc           68%        N/A       1%          2
h - Sublimation of Blood  Necr           73%        N/A       1%          2
i - Death Channel         Necr           36%        N/A       3%          6
j - Tukima's Dance        Hex            51%        N/A       1%          3

Your spell library contained the following spells:

 Spells                   Type           Power      Damage    Failure   Level
 Kiss of Death            Conj/Necr      100%       2d13      1%          1
 Freeze                   Ice            72%        1d8       2%          1
 Cigotuvi's Dreadful Rot  Necr/Pois/Air  84%        N/A       1%          2
 Confusing Touch          Hex            51%        N/A       1%          3
 Animate Dead             Necr           73%        N/A       1%          4
 Dazzling Flash           Conj/Hex       70%        N/A       2%          3
 Ignite Poison            Fire/Tmut/Pois 29%        N/A       3%          3
 Wereblood                Tmut           18%        N/A       4%          2
 Borgnjor's Vile Clutch   Necr/Erth      26%        N/A       7%          5
 Frozen Ramparts          Ice            36%        1d6       8%          3
 Hailstorm                Conj/Ice       18%        3d6       8%          3
 Flame Wave               Conj/Fire      35%        2d10      9%          4
 Sticky Flame             Conj/Fire      35%        2d5       9%          4
 Manifold Assault         Tloc           34%        N/A       10%         4
 Passage of Golubria      Tloc           34%        N/A       10%         4
 Silence                  Hex/Air        17%        N/A       24%         5
 Yara's Violent Unravell  Hex/Tmut       17%        3d8       24%         5
 Summon Ice Beast         Ice/Summ       18%        N/A       26%         4
 Fireball                 Conj/Fire      17%        3d9       26%         5
 Simulacrum               Ice/Necr       26%        N/A       36%         6
 Irradiate                Conj/Tmut      9%         3d14      58%         5
 Iskenderun's Battlesphe  Conj           18%        2d7       58%         5
 Conjure Ball Lightning   Conj/Air       9%         3x3d6     99%         6
 Orb of Destruction       Conj           9%         9d6       100%        7
 Ignition                 Fire           25%        3d8       100%        8
 Dragon's Call            Summ           9%         N/A       100%        9


Dungeon Overview and Level Annotations

Branches:
Dungeon (14/15)            Temple (1/1) D:5            Lair (1/5) D:11
    Orc (0/2) D:12          Sewer (visited)         Gauntlet (1/1)
 Vaults: D:13-14

Altars:
Ashenzari
Cheibriados
Dithmenos
Fedhas
Gozag
Hepliaklqana
Kikubaaqudgha
Makhleb
Nemelex Xobeh
Okawaru
Qazlal
Ru
Sif Muna
Trog
Uskayaw
Vehumet
Wu Jian
Xom
Yredelemnul

Shops:
D:1 =   D:6 !   D:7 :   D:8 :   D:9 =

Annotations:
D:12 Frances, Kirke
Lair:1 Fannar Gauntlet 4 transporters


Innate Abilities, Weirdness & Mutations

You sometimes gain power by taking damage.
When seriously injured, your blood forms thick armour. (AC +9)
A meltable shield of frost defends you. (SH +0)


Message History

Confirm with . or Enter, or press ? or * to list all spells.
Aiming: Necrotise (safe; 1% risk of failure)
Press: ? - help, Shift-Dir - straight line, f/p - minotaur
Aim: a minotaur, wielding the +12 rapier "Lunnur" {flame, *Rage +Blink rF+ Str+5}, wearing a +0 plate armour and quivering silver javelins (chance to affect: 20%)
The minotaur resists with almost no effort.
Casting: Necrotise (safe; 1% risk of failure)
Confirm with . or Enter, or press ? or * to list all spells.
Aiming: Necrotise (safe; 1% risk of failure)
Press: ? - help, Shift-Dir - straight line, f/p - minotaur
Aim: a minotaur, wielding the +12 rapier "Lunnur" {flame, *Rage +Blink rF+ Str+5}, wearing a +0 plate armour and quivering silver javelins (chance to affect: 20%)
The minotaur resists with almost no effort.
The minotaur throws a silver javelin.
The silver javelin misses you.
You hit the minotaur but do no damage. You block the minotaur's attack.
The minotaur barely misses you.
You hit the minotaur but do no damage. The minotaur completely misses you.
The minotaur gores you.
You barely miss the minotaur.
The minotaur furiously retaliates!
The minotaur headbutts you! The minotaur barely misses you.
The minotaur goes berserk!
The minotaur gores you!
Your blood congeals into armour.
The minotaur barely misses you. The minotaur gores you!
Casting: Necrotise (safe; 1% risk of failure)
Confirm with . or Enter, or press ? or * to list all spells.
Aiming: Vampiric Draining (safe; 1% risk of failure)
Press: ? - help, Shift-Dir - straight line, f/p - minotaur
Aim: a minotaur, wielding the +12 rapier "Lunnur" {flame, *Rage +Blink rF+ Str+5}, wearing a +0 plate armour and quivering silver javelins (berserk)
You draw life force from the minotaur.
You feel life coursing into your body.
The minotaur hits you with the +12 rapier "Lunnur" {flame, *Rage +Blink rF+ Str+5}.
Your condensation shield dissipates!
The minotaur burns you. The minotaur misses you.
Casting: Vampiric Draining (safe; 1% risk of failure)
Confirm with . or Enter, or press ? or * to list all spells.
Aiming: Vampiric Draining (safe; 1% risk of failure)
Press: ? - help, Shift-Dir - straight line, f/p - minotaur
Aim: a minotaur, wielding the +12 rapier "Lunnur" {flame, *Rage +Blink rF+ Str+5}, wearing a +0 plate armour and quivering silver javelins (lightly wounded, berserk)
You draw life force from the minotaur!
You feel life coursing into your body!
The minotaur hits you with the +12 rapier "Lunnur" {flame, *Rage +Blink rF+ Str+5}!!!
Ouch! That really hurt!
You die...
Kikubaaqudgha rasps: "You have failed me!
Welcome... death!"

#.8.#....©....#...#W..=©!#..#..#8
#...###########...###########..##
...............................#
...............§∩≈............≈#
################################
#8# #8##§...............≈##8# ###
####8.8.8..©.©..8.8§8####
#≈...............≈#
###.##.##@##.##.###
#.##.##H##.##.# .. ... . .# .##.#
# #. #. .# . . .. .# #. #. .#


You could see a minotaur (berserk).

Vanquished Creatures
  The ghost of roninjake the Severer, a novice MiFi of Ru (D:9)
  A two-headed ogre (D:11)
  A deep elf pyromancer (D:11)
  An ugly thing (D:11)
  A moth of wrath (Gauntlet)
  Joseph (D:8)
  A cane toad (D:11)
  An unseen horror (D:10)
  2 rime drakes
  A queen bee (Gauntlet)
  2 polar bears (D:11)
  A troll (D:10)
  Grinder (D:6)
  2 hornets (Gauntlet)
  Prince Ribbit (D:8)
  The ghost of hashsling the Magician, an amateur DEHW (D:4)
  Sigmund (D:6)
  A ynoxinul (Gauntlet)
  2 shadows (D:11)
  9 yaks
  A vampire (D:10)
  3 wraiths
  A hog (D:11)
  A wyvern (D:8)
  Grum (D:8)
  6 vampire mosquitoes
  3 water moccasins
  A sky beast (D:6)
  Pargi (Sewer)
  2 black bears (D:5)
  3 ice beasts
  3 ogres (D:4)
  8 centaurs
  5 wolves
  A phantom (D:6)
  3 kobold brigands
  8 bullfrogs
  A scorpion (D:6)
  8 wights
  6 killer bees
  A howler monkey (D:9)
  2 orc priests
  Crazy Yiuf (D:2)
  4 hounds
  A gnoll bouda (D:5)
  2 jellies
  4 iron imps (Gauntlet)
  2 orc wizards
  A sleepcap (D:6)
  5 iguanas
  7 gnolls
  6 adders
  2 ufetubi (D:4)
  A worm (D:3)
  7 dart slugs
  11 orcs
  11 endoplasms
  2 giant cockroaches
  8 goblins
  9 hobgoblins
  6 jackals
  19 kobolds
  2 quokkas (D:1)
  9 ball pythons
  2 bats
  5 frilled lizards
  2 rats
230 creatures vanquished.

Vanquished Creatures (collateral kills)
  A yak (D:9)
  4 wolves (Gauntlet)
  A killer bee (Gauntlet)
  An orc (D:2)
  A hobgoblin (D:4)
  A jackal (Sewer)
  A kobold (D:4)
  A frilled lizard (D:2)
  A rat (D:1)
12 creatures vanquished.

Vanquished Creatures (others)
  Maurice (D:10)
1 creature vanquished.

Grand Total: 243 creatures vanquished

Notes
Turn   | Place    | Note
-------+----------+-------------------------------------------
     0 | D:1      | bobarctor the Demonspawn Necromancer began the quest for
                  | the Orb.
     0 | D:1      | Reached XP level 1. HP: 13/13 MP: 3/3
   168 | D:1      | Gained mutation: A meltable shield of frost defends you.
                  | (SH +0) [demonic ancestry]
   168 | D:1      | Reached XP level 2. HP: 12/19 MP: 0/5
   303 | D:1      | Found Qyamuol's Jewellery Emporium.
   895 | D:2      | Reached skill level 5 in Necromancy
  1020 | D:2      | Gained mutation: When seriously injured, your blood forms
                  | armour. (AC +9) [demonic ancestry]
  1020 | D:2      | Reached XP level 3. HP: 24/24 MP: 1/6
  1085 | D:2      | Learned a level 3 spell: Vampiric Draining
  1353 | D:2      | Reached skill level 3 in Spellcasting
  1367 | D:2      | Reached XP level 4. HP: 25/30 MP: 3/8
  1948 | D:2      | Found a runed translucent door.
  1949 | D:2      | Noticed Crazy Yiuf
  2489 | D:3      | Found a hazy altar of Hepliaklqana.
  2490 | D:3      | Found a shimmering blue altar of Sif Muna.
  2809 | D:3      | Gained mutation: You sometimes gain a little power by
                  | taking damage. [demonic ancestry]
  2809 | D:3      | Reached XP level 5. HP: 35/35 MP: 5/10
  2884 | D:4      | Identified a scroll of acquirement
  2884 | D:4      | Acquired 964 gold pieces
  2943 | D:1      | Bought the ring of Gisaovap {rN+ MP+9 Str-5 Int+2 Dex+3}
                  | for 504 gold pieces
  3000 | D:1      | Bought an amulet of regeneration for 330 gold pieces
  3066 | D:2      | Killed Crazy Yiuf
  3193 | D:4      | Found a glowing drain.
  3199 | D:4      | Noticed an ice beast
  3203 | Sewer    | Entered a sewer
  3320 | Sewer    | Noticed Pargi
  3340 | Sewer    | Killed Pargi
  3341 | Sewer    | Reached skill level 4 in Spellcasting
  3341 | Sewer    | Gained mutation: When seriously injured, your blood forms
                  | thick armour. (AC +9) [demonic ancestry]
  3341 | Sewer    | Reached XP level 6. HP: 38/41 MP: 2/12
  3515 | Sewer    | Learned a level 5 spell: Agony
  3526 | D:4      | Killed an ice beast
  3542 | D:4      | Reached skill level 5 in Spellcasting
  3699 | D:4      | Reached XP level 7. HP: 46/46 MP: 14/14
  4517 | D:4      | Found a transporter.
  4520 | D:4      | Noticed hashsling's ghost (amateur DEHW)
  4521 | D:4      | Identified the +10 dire flail of Ovir {freeze, Dex+4}
  4522 | D:4      | Found a transporter.
  4694 | D:5      | Entered Level 5 of the Dungeon
  5052 | D:5      | Reached skill level 6 in Spellcasting
  5056 | D:5      | Found a staircase to the Ecumenical Temple.
  5075 | Temple   | Entered the Ecumenical Temple
  5110 | Temple   | Became a worshipper of Kikubaaqudgha
  5159 | D:5      | Learned a level 3 spell: Inner Flame
  5431 | D:5      | Reached XP level 8. HP: 39/52 MP: 17/17
  5764 | D:6      | Noticed Sigmund
  5803 | D:6      | Found Padwao Mitua's Distillery.
  5991 | D:6      | Killed Sigmund
  5992 | D:6      | Reached skill level 1 in Hexes
  5992 | D:6      | Reached skill level 1 in Fire Magic
  6078 | D:6      | Reached skill level 7 in Spellcasting
  6082 | D:6      | Noticed Grinder
  6097 | D:6      | Paralysed by Grinder for 4 turns
  6104 | D:6      | Paralysed by Grinder for 3 turns
  6279 | D:6      | Paralysed by Grinder for 4 turns
  6284 | D:6      | Killed Grinder
  6285 | D:6      | Reached skill level 1 in Shields
  6465 | D:6      | Learned a level 4 spell: Dispel Undead
  7044 | D:7      | Reached XP level 9. HP: 52/57 MP: 20/20
  7063 | D:7      | Learned a level 4 spell: Cause Fear
  7327 | D:7      | Found Nuastragi's Book Shop.
  7382 | D:7      | Bought an Inescapable Atlas for 192 gold pieces
  7385 | D:7      | Learned a level 2 spell: Blink
  7592 | D:8      | Noticed Prince Ribbit
  7618 | D:8      | Killed Prince Ribbit
  7619 | D:8      | Reached skill level 8 in Spellcasting
  7764 | D:8      | Noticed Joseph
  7897 | D:8      | Killed Joseph
  7898 | D:8      | Reached skill level 1 in Translocations
  8367 | D:8      | Reached * piety under Kikubaaqudgha
  8367 | D:8      | Received a gift from Kikubaaqudgha
  8386 | D:8      | Reached skill level 9 in Spellcasting
  8487 | D:8      | Noticed Grum
  8504 | D:9      | Noticed roninjake's ghost (novice MiFi)
  8504 | D:9      | Found a runed translucent door.
  8585 | D:8      | Found Fuzewopp's Self-Improvement Boutique.
  8949 | D:8      | Killed Grum
  9062 | D:9      | Found Woxu Yro's Jewellery Emporium.
  9101 | D:9      | Acquired the +0 cloak of Vehumet's Hatred {Regen+ rCorr
                  | Int+3}
  9189 | D:9      | Reached XP level 10. HP: 48/63 MP: 23/23
  9946 | D:10     | Entered Level 10 of the Dungeon
 10011 | D:10     | Reached skill level 10 in Spellcasting
 10453 | D:10     | Noticed Maurice
 10471 | D:11     | Noticed a two-headed ogre
 11196 | D:10     | Reached ** piety under Kikubaaqudgha
 11363 | D:10     | Killed Maurice
 11483 | D:10     | Reached skill level 10 in Necromancy
 11591 | D:11     | Noticed a cyan ugly thing
 11670 | D:11     | Killed a cyan ugly thing
 11671 | D:11     | Gained mutation: You sometimes gain power by taking damage.
                  | [demonic ancestry]
 11671 | D:11     | Reached XP level 11. HP: 33/68 MP: 14/25
 11797 | D:11     | Killed a two-headed ogre
 11909 | D:11     | Reached skill level 11 in Spellcasting
 12209 | D:11     | Noticed a deep elf pyromancer
 12318 | D:11     | Killed a deep elf pyromancer
 12488 | D:11     | Found a shadowy altar of Dithmenos.
 12541 | D:11     | Found a staircase to the Lair.
 12624 | Lair:1   | Entered Level 1 of the Lair of Beasts
 12631 | Lair:1   | Reached skill level 5 in Hexes
 12704 | Lair:1   | Noticed Fannar
 12870 | D:12     | Found a staircase to the Orcish Mines.
 12886 | D:12     | Noticed Kirke
 13029 | D:12     | Noticed a sphinx
 13099 | D:11     | Reached skill level 5 in Fire Magic
 13325 | D:9      | Killed roninjake's ghost
 13477 | D:4      | Killed hashsling's ghost
 13597 | D:1      | Learned a level 2 spell: Sublimation of Blood
 13604 | D:1      | Learned a level 6 spell: Death Channel
 13604 | D:1      | Bought the ring "Qiequiw" {rElec Dex+6 SInv} for 596 gold
                  | pieces
 13996 | D:12     | Noticed Frances
 14001 | D:12     | Noticed a soul eater
 14195 | D:13     | Found a gate leading to a gauntlet.
 14220 | D:13     | Learned a level 3 spell: Tukima's Dance
 14221 | Gauntlet | Entered a Gauntlet
 14221 | Gauntlet | Found a transporter.
 14221 | Gauntlet | Found a transporter.
 14243 | Gauntlet | Found a transporter.
 14245 | Gauntlet | Found a transporter.
 14257 | Gauntlet | Found a transporter.
 14276 | Gauntlet | Found a transporter.
 14292 | Gauntlet | Found a transporter.
 14300 | Gauntlet | Found a transporter.
 14306 | Gauntlet | Found a transporter.
 14352 | Gauntlet | Found a transporter.
 14376 | Gauntlet | Found a transporter.
 14386 | Gauntlet | Found a transporter.
 14575 | Gauntlet | Reached skill level 12 in Spellcasting
 14581 | Gauntlet | Reached *** piety under Kikubaaqudgha
 14581 | Gauntlet | Received a gift from Kikubaaqudgha
 14715 | Gauntlet | Identified the +3 ring mail of the Mango {Fly rElec MP-9
                  | Str-4}
 14745 | Gauntlet | Reached skill level 5 in Dodging
 14789 | Gauntlet | Paralysed by a hornet for 3 turns
 14887 | Gauntlet | Identified the ring of Kuosk {rPois Str-5 Int+7 Dex+2}
 15013 | Gauntlet | Identified the +12 rapier "Lunnur" {flame, *Rage +Blink rF+
                  | Str+5}
 15013 | Gauntlet | Noticed a minotaur
 15023 | Gauntlet | Mangled by a minotaur

Illustrated notes

Levels and vault maps discovered:
D:1:      kennysheep_arrival_forest, layout_loops_cross, serial_shops,
          shop_statue, minmay_misc_feat_four_crosses
D:2:      layout_loops_ring, uniq_crazy_yiuf_cottage
D:3:      layout_rooms, mainiacjoe_overflow_divided_tiny
D:4:      cheibrodos_thug_alley, layout_basic, cheibrodos_sewer_entry_sluice,
          gammafunk_ghost_smash, chequers_decorated_corner, minivault_27
D:5:      kennysheep_slugbush, layout_basic, temple_fountains, minivault_25
D:6:      layout_cave_pods, nicolae_stop_n_shop_2, minmay_misc_feat_cross,
          uniq_sigmund, uniq_grinder
D:7:      layout_basic, serial_shops, shop, kennysheep_decorative_pillar
D:8:      layout_loops_ring, nicolae_shop_self_help, uniq_grum,
          uniq_prince_ribbit1, uniq_joseph
D:9:      layout_roguey, hellmonk_ghost_happy_afterlife,
          minmay_misc_feat_encased, nicolae_inconvenience_store
D:10:     layout_roguey, uniq_maurice
D:11:     layout_cave_pools, hellmonk_lair_entry_icy, serial_park,
          serial_park_tiny_1, serial_park_gazebo [serial_park_minivault_5x5_8],
          glass_columns_a, grunt_dithmenos_shadows
D:12:     layout_cave_pools, orc_0_dummy, kennysheep_cross_room, uniq_kirke,
          uniq_nessos, uniq_frances
D:13:     layout_stronghold, gauntlet_entry_generic
D:14:     layout_loops_ring, david_vaults_4, nicolae_hepliaklqana_hazy_memory,
          minmay_variable_closet
Temple:   nicolae_temple_bog_church
Lair:1:   layout_misc_corridors, uniq_fannar
Gauntlet: gammafunk_gauntlet_shortcut [nicolae_gauntlet_arena_blocks,
          nicolae_gauntlet_swirl, gammafunk_gauntlet_arena_crates,
          nicolae_gauntlet_arena_grate_2, gammafunk_gauntlet_arena_chambers,
          nicolae_gauntlet_arena_t_cross, gauntlet_exit_green]

Skill      XL: |  1  2  3  4  5  6  7  8  9 10 11 |
---------------+----------------------------------+-----
Necromancy     | 5 6 7 8 9 10 11 | 11.3
Spellcasting   | 3 4 5 6 7 9 10 12 | 12.2
Dodging        | 2 3 4 5 |  5.1
Stealth        | 2 3 |  3.4
Hexes          | 2 3 4 5 |  5.4
Fire Magic     | 1 2 4 5 |  5.2
Shields        | 1 2 |  2.1
Translocations | 2 |  2.4

Action                     |  1- 3 |  4- 6 |  7- 9 | 10-12 || total
---------------------------+-------+-------+-------+-------++-------
  Melee: Hand axe          |    11 |    16 |       |       ||    27
         Quarterstaff      |       |    42 |   148 |   140 ||   330
         Dire flail        |       |       |       |    42 ||    42
  Throw: Boomerang         |       |       |     5 |       ||     5
   Cast: Necrotise         |    50 |    55 |   164 |    71 ||   340
         Vampiric Draining |       |    20 |    21 |    56 ||    97
         Inner Flame       |       |       |     4 |     9 ||    13
         Agony             |       |       |     4 |    14 ||    18
         Dispel Undead     |       |       |       |    19 ||    19
         Blink             |       |       |       |     2 ||     2
         Death Channel     |       |       |       |     5 ||     5
         Tukima's Dance    |       |       |       |     1 ||     1
  Evoke: Wand              |       |       |       |     1 ||     1
    Use: Scroll            |       |    12 |     3 |    12 ||    27
         Potion            |       |       |       |     2 ||     2
   Stab: Sleeping          |       |       |     3 |     1 ||     4
 Armour: Robe              |     2 |    33 |    44 |    88 ||   167
  Dodge: Dodged            |     9 |    83 |   158 |   313 ||   563
  Block: Other             |     6 |    22 |    36 |    66 ||   130

Table legend: (Time is in decaauts)
 A = Elapsed time spent in this place.
 B = Non-inter-level travel time spent in this place.
 C = Inter-level travel time spent in this place.
 D = Time resting spent in this place.
 E = Time spent auto-exploring this place.
 F = Levels seen in this place.
 G = Mean time per level.
                   A        B        C        D        E       F      G
               +--------+--------+--------+--------+--------+-----+--------+
         Total |  15225 |  13774 |   1451 |   2735 |   7530 |  18 |  845.8 |
       Dungeon |  13906 |  12471 |   1435 |   2469 |   6989 |  14 |  993.3 |
        Temple |     64 |     48 |     16 |      0 |      2 |   1 |   64.0 |
          Lair |    106 |    106 |      0 |      2 |     56 |   1 |  106.0 |
         Sewer |    330 |    330 |      0 |    143 |     41 |   1 |  330.0 |
      Gauntlet |    817 |    817 |      0 |    121 |    441 |   1 |  817.0 |
               +--------+--------+--------+--------+--------+-----+--------+

Top non-repeatable levels by time:
    D:10: 1621 daAuts
    D:11: 1515 daAuts
     D:8: 1442 daAuts
     D:4: 1421 daAuts
     D:2: 1372 daAuts
     D:5: 1274 daAuts
     D:9: 1214 daAuts
     D:3: 986 daAuts
     D:6: 974 daAuts
     D:7: 893 daAuts
     D:1: 876 daAuts
Gauntlet: 817 daAuts
   Sewer: 330 daAuts
    D:12: 199 daAuts
    D:13: 113 daAuts
